 Dungeon Crawl Stone Soup version 0.19.0-24-gb05acd6 (webtiles) character file.

84 Patate the Covert (level 4, -1/22 HPs)
             Began as a Spriggan Assassin on Nov 20, 2016.
             Slain by Crazy Yiuf
             ... wielding a +3 quarterstaff of chaos
              (11 damage)
             ... on level 2 of the Dungeon.
             The game lasted 00:04:11 (1540 turns).

Patate the Covert (Spriggan Assassin)               Turns: 1540, Time: 00:04:11

Health: -1/22      AC:  3    Str:  7    XL:     4   Next: 23%
Magic:  5/5        EV: 17    Int: 12    God:
Gold:   110        SH:  0    Dex: 18    Spells: 0 memorised, 3 levels left

rFire  . . .     SeeInvis +     a - +2 dagger
rCold  . . .     Gourm    .     c - +0 robe
rNeg   . . .     Faith    .     (shield restricted)
rPois  .         Spirit   .     (helmet restricted)
rElec  .         Reflect  .     d - +0 cloak
rCorr  .         Harm     .     (gloves unavailable)
MR     .....                    (boots unavailable)
Stlth  ++++......               (no amulet)
                                (no ring)
                                (no ring)

@: very quick
A: unfitting armour, see invisible, herbivore 3, speed 3, slow metabolism 2
a: no special abilities


You were on level 2 of the Dungeon.
You were not hungry.

You visited 1 branch of the dungeon, and saw 2 of its levels.

You collected 110 gold pieces.

Inventory:

Hand Weapons
 a - a +2 dagger (weapon)
 b - a +0 blowgun
Missiles
 e - 5 poisoned needles
 f - 2 curare-tipped needles
Armour
 c - a +0 robe (worn)
 d - a +0 cloak (worn)
Jewellery
 o - an uncursed ring of see invisible
Scrolls
 l - a scroll of remove curse
Potions
 h - 2 potions of heal wounds {unknown}
 i - 3 potions of curing {unknown}
 k - 2 potions of agility {unknown}
 m - a potion of mutation {unknown}
 n - a potion of degeneration {unknown}
Comestibles
 g - 3 bread rations
 j - a fruit


   Skills:
 - Level 1.5 Fighting
 - Level 2.1 Short Blades
 - Level 2.0 Throwing
 - Level 1.5 Dodging
 * Level 8.8 Stealth


You had 3 spell levels left.
You didn't know any spells.

Dungeon Overview and Level Annotations

Branches:
Dungeon (2/15)

Altars:

Annotations:
D:2 Crazy Yiuf


Innate Abilities, Weirdness & Mutations

You are very small and have problems with some larger weapons.
You are too small for most types of armour.
You have supernaturally acute eyesight. (SInv)
You are a herbivore.
You cover ground extremely quickly.
You need consume almost no food.


Message History

Crazy Yiuf hits you with a quarterstaff of chaos.
You hit Crazy Yiuf.
Crazy Yiuf is moderately wounded.
Crazy Yiuf closely misses you.
You hit Crazy Yiuf.
Crazy Yiuf is heavily wounded.
You hit Crazy Yiuf.
Crazy Yiuf is severely wounded.
Crazy Yiuf looks more healthy.
Crazy Yiuf laughs, "Ten hand Hive!"
Crazy Yiuf hits you with a quarterstaff of chaos.
Crazy Yiuf freezes you.
You closely miss Crazy Yiuf.
Crazy Yiuf is severely wounded.
Crazy Yiuf closely misses you.
You barely miss Crazy Yiuf.
Crazy Yiuf is severely wounded.
Crazy Yiuf hits you with a quarterstaff of chaos!
Ouch! That really hurt!
You die...

....# #.#.###.#
#.# #..##
#.#..##.# #.#
##.####.##.##.#
#.#
.....##[.######
#.# .....#####
#.## .....#
♣♣♣♣♣##..# .....#
### ♣♣♣.♣...##.#
.....#
#...#♣).♣)......#
######
#()(g@♣♣♣♣......#
# #)))#♣♣
♣♣..#.## ## ###
♣♣#### >##
..########
#(##.....#
#.##.##### #.##.#
.....#


You could see Crazy Yiuf.

Vanquished Creatures
  An adder (D:2)
  4 oozes
  3 dart slugs
  4 bats
  3 giant cockroaches (D:1)
  7 goblins
  6 hobgoblins
  7 jackals (D:2)
  A quokka (D:2)
  A ball python (D:2)
  3 frilled lizards
  3 kobolds
  5 rats
48 creatures vanquished.

Notes
Turn   | Place    | Note
-------+----------+-------------------------------------------
     0 | D:1      | Patate the Spriggan Assassin began the quest for the Orb.
     0 | D:1      | Reached XP level 1. HP: 10/10 MP: 2/2
    18 | D:1      | Reached skill level 6 in Stealth
    82 | D:1      | Reached XP level 2. HP: 12/14 MP: 3/3
   202 | D:1      | Reached skill level 7 in Stealth
   394 | D:1      | Reached XP level 3. HP: 18/18 MP: 4/4
   650 | D:2      | Reached skill level 8 in Stealth
   945 | D:2      | Reached XP level 4. HP: 16/22 MP: 5/5
  1379 | D:2      | Found a runed door.
  1529 | D:2      | Noticed Crazy Yiuf
  1540 | D:2      | Slain by Crazy Yiuf

Skill      XL: |  1  2  3 |
---------------+----------+-----
Stealth        | 6 7 8 |  8.8
Fighting       | |  1.5
Short Blades   | |  2.1
Throwing       | |  2.0
Dodging        | |  1.5

Action                   |  1- 3 |  4- 6 || total
-------------------------+-------+-------++-------
Melee: Dagger            |    99 |    34 ||   133
 Fire: Blowgun           |       |     3 ||     3
  Use: Scroll            |     5 |       ||     5
 Stab: Sleeping          |    14 |     3 ||    17
       Distracted        |     2 |     1 ||     3
Armor: Robe              |     8 |       ||     8
Dodge: Dodged            |    75 |    20 ||    95
